 Dungeon Crawl Stone Soup version 0.22-b1-21-g5cfc168 (webtiles) character file.

981 wojtek the Cleaver (level 7, -11/60 HPs)
             Began as a Minotaur Fighter on Aug 2, 2018.
             Was an Initiate of Makhleb.
             Killed from afar by a raiju (17 damage)
             ... with a living lightning
             ... on level 1 of the Abyss.
             The game lasted 00:07:17 (4378 turns).

wojtek the Cleaver (Minotaur Fighter)               Turns: 4378, Time: 00:07:18

Health: -11/60     AC:  9    Str: 22    XL:     7   Next: 96%
Magic:  8/8        EV:  6    Int:  5    God:    Makhleb [......]
Gold:   250        SH: 10    Dex: 10    Spells: 6/6 levels left

rFire    . . .     SeeInvis .   a - +0 war axe
rCold    . . .     Gourm    .   c - +0 shield
rNeg     . . .     Faith    .   s - +0 chain mail
rPois    .         Spirit   .   (helmet restricted)
rElec    .         Reflect  .   (no cloak)
rCorr    .         Harm     .   (no gloves)
MR       .....                  (no boots)
Stlth    ..........             (no amulet)
HPRegen  0.20/turn              (no ring)
MPRegen  0.11/turn              (no ring)

@: lethally poisoned (-11 -> -20)
A: retaliatory headbutt, horns 2
a: Renounce Religion


You were on level 1 of the Abyss.
You worshipped Makhleb.
Makhleb was noncommittal.
You were very hungry.

You visited 2 branches of the dungeon, and saw 6 of its levels.
You visited the Abyss 1 time.

You collected 250 gold pieces.

Inventory:

Hand Weapons
 a - a +0 war axe (weapon)
Armour
 c - a +0 shield (worn)
 s - a +0 chain mail (worn)
Jewellery
 x - an uncursed amulet of harm {unknown}
Wands
 t - a wand of digging (13)
Scrolls
 e - a scroll of enchant armour {unknown}
 g - a scroll of fear {unknown}
 h - 2 scrolls of remove curse
 i - 2 scrolls of enchant weapon {unknown}
 j - 2 scrolls of amnesia {unknown}
 k - a scroll of fog {unknown}
 l - a scroll of teleportation {unknown}
 m - a scroll of noise {unknown}
 p - 2 scrolls of identify {unknown}
 u - 3 scrolls of blinking {unknown}
 y - a scroll of immolation {unknown}
Potions
 b - 2 potions of curing {unknown}
 d - 5 potions of might
 n - a potion of magic {unknown}
 o - a potion of invisibility {unknown}
 q - a potion of heal wounds {unknown}
 r - a potion of berserk rage {unknown}
 v - a potion of lignification {unknown}
 w - a potion of cancellation {unknown}
 z - a potion of brilliance {unknown}
Comestibles
 f - 5 rations


   Skills:
 + Level 4.8 Fighting
 * Level 8.4 Axes
 + Level 4.7 Armour
 + Level 2.3 Dodging
 + Level 4.6 Shields
 * Level 3.3 Invocations


You had 6 spell levels left.
You didn't know any spells.
Your spell library was empty.

Dungeon Overview and Level Annotations

Branches:
Dungeon (5/15)             Temple (1/1) D:4

Altars:
Ashenzari
Cheibriados
Dithmenos
Elyvilon
Fedhas
Hepliaklqana
Kikubaaqudgha
Makhleb
Nemelex Xobeh
Okawaru
Qazlal
Ru
Sif Muna
Trog
Uskayaw
Vehumet
Wu Jian
Xom
Zin
The Shining One
Beogh

Annotations:
D:5 3 runed doors, Loketa's ghost, novice DsAK


Innate Abilities, Weirdness & Mutations

You reflexively headbutt those who attack you in melee.
You have a pair of horns on your head.


Message History

You are poisoned.
The raiju closely misses you. You furiously retaliate!
You headbutt the raiju! The raiju closely misses you.
You feel sick. You block the raiju's attack.
Unknown command.
You feel sick. The raiju bites you but does no damage.
You block the quasit's attack. The quasit closely misses you.
You block the quasit's attack.
As you read the scroll labeled FIAXKEL NUSOFA, it crumbles to dust.
You feel blessed for a moment.
It was a scroll of remove curse.
You feel sick.
The guardian serpent coils itself and performs some mystic snake dance.
The raiju blinks!
The quasit barely misses you. You block the quasit's attack.
The quasit claws you but does no damage.
The raiju bursts into living lightning!
The living lightning hits you!
* * * LOW HITPOINT WARNING * * *
The raiju blinks!
The raiju bites you but does no damage.
The raiju bursts into living lightning!
The living lightning hits you!
You die...

## ....
###.......
#.........
##.........
#.....
#..........
#.....
##.....#....
.... #..§S.##
§ #... #
##h§5.##
#....###..@.##
#. . ##..h..#
##.## ..
#....h## #...
..........#
##.
#.##.######
#.. .#..#
...#.[##
####....##. #
.#...###. .# #


You could see a guardian serpent, 3 raiju and a quasit.

Vanquished Creatures
  Pikel (D:5)
  4 slaves
  An ogre (D:4)
  A scorpion (D:5)
  A centaur skeleton (D:4)
  2 hounds (D:5)
  4 orc wizards
  Ijyb (D:4)
  A worker ant (D:4)
  A gnoll (D:4)
  5 adders
  An adder zombie (D:5)
  3 worms
  3 dart slugs
  2 leopard geckos
  17 orcs
  6 bats
  A giant cockroach (D:4)
  9 goblins
  7 hobgoblins
  4 jackals (D:4)
  11 kobolds
  A quokka (D:2)
  A ball python (D:2)
  2 frilled lizards
  7 rats
97 creatures vanquished.

Notes
Turn   | Place    | Note
-------+----------+-------------------------------------------
     0 | D:1      | wojtek the Minotaur Fighter began the quest for the Orb.
     0 | D:1      | Reached XP level 1. HP: 19/19 MP: 0/0
    59 | D:1      | Reached skill level 3 in Axes
    95 | D:1      | Reached XP level 2. HP: 22/26 MP: 1/1
   459 | D:1      | Reached skill level 4 in Axes
   852 | D:2      | Reached XP level 3. HP: 29/31 MP: 2/2
  1223 | D:2      | Found a bloodstained altar of Trog.
  1232 | D:2      | Found a radiant altar of Vehumet.
  1232 | D:2      | Found a deep blue altar of Sif Muna.
  1232 | D:2      | Found a sacrificial altar of Ru.
  1236 | D:2      | Found a shimmering altar of Xom.
  1237 | D:2      | Found a hazy altar of Hepliaklqana.
  1339 | D:2      | Reached skill level 5 in Axes
  1557 | D:3      | Reached XP level 4. HP: 30/39 MP: 3/3
  1719 | D:3      | Found a sparkling altar of Nemelex Xobeh.
  1801 | D:3      | Reached skill level 6 in Axes
  1804 | D:3      | Reached XP level 5. HP: 18/45 MP: 4/4
  2067 | D:3      | Found a bloodstained altar of Trog.
  2094 | D:3      | Reached skill level 7 in Axes
  2302 | D:4      | Found a staircase to the Ecumenical Temple.
  2349 | Temple   | Entered the Ecumenical Temple
  2483 | Temple   | Became a worshipper of Makhleb the Destroyer
  2658 | D:4      | Reached XP level 6. HP: 32/52 MP: 5/5
  2796 | D:4      | Found a shimmering altar of Xom.
  2998 | D:4      | Reached skill level 1 in Invocations
  3077 | D:4      | Noticed Ijyb
  3097 | D:4      | Killed Ijyb
  3187 | D:4      | Reached skill level 1 in Dodging
  3401 | D:5      | Entered Level 5 of the Dungeon
  3439 | D:5      | Found a blossoming altar of Fedhas.
  3539 | D:5      | Found a runed gate.
  3539 | D:5      | Found a runed gate.
  3617 | D:5      | Found a runed gate.
  3629 | D:5      | Reached XP level 7. HP: 54/59 MP: 7/7
  3644 | D:5      | Reached * piety under Makhleb
  3664 | D:5      | Found a shadowy altar of Dithmenos.
  3671 | D:5      | Noticed Loketa's ghost (novice DsAK)
  3673 | D:5      | Found a roughly hewn altar of Beogh.
  3717 | D:5      | Noticed Pikel
  3974 | D:5      | Killed Pikel
  3974 | D:5      | Reached skill level 8 in Axes
  4268 | D:5      | Cast into level 1 of the Abyss (orc)
  4275 | Abyss:1  | Found a burning altar of Makhleb.
  4282 | Abyss:1  | Found a stormy altar of Qazlal.
  4371 | Abyss:1  | Noticed a guardian serpent
  4374 | Abyss:1  | Noticed a raiju
  4374 | Abyss:1  | Noticed a raiju
  4374 | Abyss:1  | Noticed a raiju
  4378 | Abyss:1  | Killed from afar by a raiju

Skill      XL: |  1  2  3  4  5  6  7 |
---------------+----------------------+-----
Axes           | 3 4 5 6 7 8 |  8.4
Invocations    | 2 3 |  3.3
Fighting       | 4 |  4.8
Armour         | 4 |  4.7
Dodging        | 1 2 |  2.3
Shields        | 4 |  4.6

Action                   |  1- 3 |  4- 6 |  7- 9 || total
-------------------------+-------+-------+-------++-------
Melee: War axe           |   102 |   130 |    57 ||   289
       Headbutt          |    12 |    21 |     9 ||    42
  Use: Scroll            |       |       |     1 ||     1
  Eat: Chunk             |     2 |     6 |     2 ||    10
Armor: Scale mail        |    47 |       |       ||    47
       Chain mail        |       |    71 |    41 ||   112
Dodge: Dodged            |    36 |    37 |    26 ||    99
Block: Shield            |    51 |    67 |    43 ||   161
